 Dungeon Crawl Stone Soup version 0.23.2-30-g0e89c35649 (webtiles) character file.

Game seed: 13981106059118561998

77 troglodite the Conjurer (level 4, 0/27 HPs)
             Began as an Octopode Conjurer on June 11, 2019.
             Killed from afar by Sigmund (9 damage)
             ... with a puff of flame
             ... on level 3 of the Dungeon.
             The game lasted 00:11:54 (2243 turns).

troglodite the Conjurer (Octopode Conjurer)         Turns: 2243, Time: 00:11:55

Health: 0/27       AC:  1    Str:  7    XL:     4   Next: 34%
Magic:  2/7        EV: 13    Int: 22    God:
Gold:   163        SH:  0    Dex: 13    Spells: 4/7 levels left

rFire    . . .     SeeInvis .   q - +0 quarterstaff
rCold    . . .     Gourm    .   (shield currently unavailable)
rNeg     . . .     Faith    .   (helmet restricted)
rPois    .         Spirit   .   (no amulet)
rElec    .         Reflect  .   c - +5 ring of intelligence
rCorr    .         Harm     .   (no ring)
MR       .....                  (no ring)
Stlth    +++.......             (no ring)
HPRegen  0.09/turn              (no ring)
MPRegen  0.10/turn              (no ring)
                                (no ring)
                                (no ring)

@: no status effects
A: almost no armour, stealthy swim, amphibious, 8 rings, constrict 8, camouflage
1, gelatinous body 1
a: no special abilities


You were on level 3 of the Dungeon.
You were not hungry.

You visited 1 branch of the dungeon, and saw 3 of its levels.

You collected 163 gold pieces.

Inventory:

Hand Weapons
 q - a +0 quarterstaff (weapon)
Jewellery
 c - a +5 ring of intelligence (left tentacle)
 o - an uncursed ring of ice
Scrolls
 a - 2 scrolls of blinking {unknown}
 e - a scroll of remove curse {unknown}
 h - a scroll of noise {unknown}
 k - a scroll of enchant weapon {unknown}
 n - a scroll of amnesia {unknown}
 p - 3 scrolls of identify {unknown}
Potions
 i - a potion of curing {unknown}
 j - 2 potions of brilliance {unknown}
 l - 3 potions of haste {unknown}
 m - 2 potions of might {unknown}
Comestibles
 b - 5 rations
 d - 6 chunks of flesh


   Skills:
   Level 0.2 Short Blades
 * Level 2.3 Dodging
 * Level 3.3 Stealth
 * Level 2.3 Spellcasting
 * Level 5.1 Conjurations


You had 4 spell levels left.
You knew the following spells:

 Your Spells              Type           Power        Failure   Level  Hunger
a - Magic Dart            Conj           ####         1%          1    None
b - Searing Ray           Conj           ####..       2%          2    ##.....

Your spell library contained the following spells:

 Spells                   Type           Power        Failure   Level  Hunger
 Dazzling Spray           Conj/Hex       ##....       14%         3    ###....
 Iskenderun's Mystic Bla  Conj           ####....     16%         4    ####...
 Force Lance              Conj/Tloc      ##......     43%         4    ####...
 Fulminant Prism          Conj/Hex       ##........   43%         4    ####...


Dungeon Overview and Level Annotations

Branches:
Dungeon (3/15)

Altars:

Annotations:
D:3 Sigmund


Innate Abilities, Weirdness & Mutations

You cannot wear most types of armour.
You are very stealthy in the water. (Stealth+)
You are amphibious.
You can wear up to eight rings at the same time.
You can use your tentacles to constrict eight enemies at once.
Your skin changes colour to match your surroundings (Stealth+).
Your rubbery body absorbs attacks. (AC +1, EV +1)


Message History

Aiming: Magic Dart (safe; 1% risk of failure)
Press: ? - help, Shift-Dir - straight line, f/p - Sigmund
Aim: Sigmund, wielding a +0 scythe and wearing a +0 robe (moderately wounded)
The magic dart hits the ooze!
The ooze is heavily wounded.
Casting: Magic Dart (safe; 1% risk of failure)
Confirm with . or Enter, or press ? or * to list all spells.
Aiming: Magic Dart (safe; 1% risk of failure)
Press: ? - help, Shift-Dir - straight line, f - ooze, p - Sigmund
Aim: an ooze (heavily wounded)
The magic dart hits the ooze.
You kill the ooze!
Sigmund casts a spell at you. You resist with some effort.
Sigmund hits you from afar with a +0 scythe.
Sigmund casts a spell at you. The magic dart hits you.
Sigmund casts a spell at you. The puff of flame hits you!
You die...

######.#.#.#.#.##............##'
# #.........##...............
######.#.#.#.#.................^
...............##...............
######.#.#.#.#.##.....).........
### #.......รท.##........###....
..#####...##.#...........#[#....
..'............##........###....
..##########.#.>@...............
..........##.#..................
....#.#.#.##)#..................
##.........#.#..................
#..#.#.#..#.#..................
##..........#....@.............
#.#.#.#.####.#........(....
#............#.................
#..........###(................


You could see Sigmund.

Vanquished Creatures
  2 adders (D:2)
  An ooze (D:3)
  A dart slug (D:1)
  4 leopard geckos
  3 bats
  2 giant cockroaches
  6 goblins
  4 hobgoblins
  4 jackals
  2 frilled lizards (D:1)
  9 kobolds
  12 rats
50 creatures vanquished.

Notes
Turn   | Place    | Note
-------+----------+-------------------------------------------
     0 | D:1      | troglodite the Octopode Conjurer began the quest for the
                  | Orb.
     0 | D:1      | Reached XP level 1. HP: 11/11 MP: 3/3
   165 | D:1      | Reached XP level 2. HP: 17/17 MP: 5/5
   560 | D:1      | Learned a level 2 spell: Searing Ray
   724 | D:1      | Reached XP level 3. HP: 21/21 MP: 3/6
  1525 | D:2      | Reached skill level 5 in Conjurations
  1704 | D:2      | Reached XP level 4. HP: 25/27 MP: 7/7
  2211 | D:3      | Noticed Sigmund
  2243 | D:3      | Killed from afar by Sigmund

Skill      XL: |  1  2  3  4 |
---------------+-------------+-----
Conjurations   | 5 |  5.1
Stealth        | 3 |  3.3
Short Blades   | |  0.2
Dodging        | |  2.3
Spellcasting   | |  2.3

Action                   |  1- 3 |  4- 6 || total
-------------------------+-------+-------++-------
Melee: Unarmed           |     7 |       ||     7
       Constrict         |     8 |     2 ||    10
       Dagger            |    31 |       ||    31
       Tentacles         |     5 |     1 ||     6
       Quarterstaff      |       |     6 ||     6
 Cast: Magic Dart        |    38 |    20 ||    58
 Stab: Sleeping          |     5 |     1 ||     6
  Eat: Chunk             |     3 |     1 ||     4
Armor: Skin              |     2 |       ||     2
Dodge: Dodged            |    34 |     4 ||    38
